 Dungeon Crawl Stone Soup version 0.31-a0-1227-g0136665373 (webtiles) character file.

Game seed: 6546225384497072629

67 Curundu the Trooper (level 3, 0/33 HPs)
             Began as a Draconian Berserker on Dec 14, 2023.
             Was a Believer of Trog.
             Slain by Grinder (3 damage)
             ... on level 3 of the Dungeon.
             The game lasted 00:05:44 (1798 turns).

Curundu the Trooper (Draconian Berserker)           Turns: 1798, Time: 00:05:44

Health: 0/33       AC:  7    Str: 21    XL:     3   Next: 98%
Magic:  0/3        EV: 12    Int:  7    God:    Trog [**....]
Gold:   77         SH:  0    Dex: 10    Spells: 2/2 levels left

rFire   . . .        a - +0 spear
rCold   . . .        (no shield)
rNeg    . . .        (body armour unavailable)
rPois   +            (helmet restricted)
rElec   .            (no cloak)
rCorr   .            p - +0 pair of gloves
SInv    .            m - +0 pair of boots
Will    .....        e - amulet of guardian spirit
Stlth   +            d - ring of poison resistance
HPRegen 0.25/turn    (no ring)
MPRegen 0.08/turn

%: guardian spirit
@: no status effects
A: AC +5, unfitting armour, cold-blooded
a: Renounce Religion, Berserk, Trog's Hand


You were on level 3 of the Dungeon.
You worshipped Trog.
Trog was pleased with you.
You visited 1 branch of the dungeon, and saw 3 of its levels.

You collected 77 gold pieces.

Inventory:

Hand Weapons
 a - a +0 spear (weapon)
Missiles
 c - 3 poisoned darts (quivered)
Armour
 m - a +0 pair of boots (worn)
 p - a +0 pair of gloves (worn)
Jewellery
 d - a ring of poison resistance (left hand)
 e - an amulet of guardian spirit (around neck)
 f - a +6 ring of intelligence
 j - a ring of protection from cold
Scrolls
 g - 2 scrolls of identify {unknown}
 h - a scroll of revelation {unknown}
 i - a scroll of teleportation {unknown}
 k - a scroll of amnesia {unknown}
 l - a scroll of fog {unknown}
 o - a scroll of fear {unknown}
Potions
 b - 2 potions of degeneration {unknown}
 n - a potion of lignification {unknown}


   Skills:
 + Level 4.0 Fighting
 + Level 4.0 Polearms
 + Level 3.2 Dodging
 + Level 0.1 Stealth


You had 2 spell levels left.
You didn't know any spells.
Your spell library was empty.

Dungeon Overview and Level Annotations

Branches:
Dungeon (3/15)

Altars:

Annotations:
D:3 Grinder


Innate Abilities, Weirdness & Mutations

Your plain brown scales are hard. (AC +5)
You cannot fit into any form of body armour.
You are cold-blooded and may be slowed by cold attacks.


Message History

Pain shoots through your body!
You closely miss Grinder. You tail-slap Grinder.
Grinder is lightly wounded.
Grinder hits you.
You writhe in agony.
You puncture Grinder!
Grinder is lightly wounded.
Grinder completely misses you.
You hit Grinder.
Grinder is lightly wounded.
Grinder closely misses you.
You completely miss Grinder.
Grinder is lightly wounded.
Grinder hits you.
You writhe in agony.
You hit Grinder.
Grinder is moderately wounded.
You barely miss Grinder.
Grinder is moderately wounded.
Grinder hits you.
* * * LOW HITPOINT WARNING * * *
You writhe in agony.
* * * LOW HITPOINT WARNING * * *
You closely miss Grinder.
Grinder is moderately wounded.
Grinder closely misses you.
You barely miss Grinder.
Grinder is moderately wounded.
Grinder barely misses you.
You hit Grinder.
Grinder is moderately wounded.
Grinder closely misses you.
You hit Grinder.
Your tail-slap misses Grinder.
Grinder is moderately wounded.
Grinder closely misses you.
You completely miss Grinder.
Grinder is moderately wounded.
Grinder hits you.
* * * LOW HITPOINT WARNING * * *
You writhe in agony.
You die...
Grinder says, "Hey, I wasn't done torturing you yet!"

#..................# ########
#..................########.....
#...).......................####
#...........†..#####............
..........).+................
.........##.#####.......##
............#####.......##
.........5......+.......'.
..(......@#######.......##
.....####.# #.......# ..... ...
#.......# ... #.... #.......# ##
#..... #.......# ##.####
#.......# #.# ######### ..#


You could see Grinder.

Vanquished Creatures
  3 adders
  A worm (D:2)
  5 endoplasms
  A giant cockroach (D:1)
  4 goblins
  4 hobgoblins
  A quokka (D:1)
  3 ball pythons (D:1)
  5 bats (D:1)
  4 frilled lizards
  2 kobolds (D:1)
  4 rats
37 creatures vanquished.

Notes
Turn   | Place    | Note
-------+----------+-------------------------------------------
     0 | D:1      | Curundu the Draconian Berserker began the quest for the
                  | Orb.
     0 | D:1      | Reached XP level 1. HP: 19/19 MP: 1/1
   130 | D:1      | Reached XP level 2. HP: 24/26 MP: 2/2
   684 | D:1      | Reached ** piety under Trog
   693 | D:1      | Reached XP level 3. HP: 33/33 MP: 3/3
  1781 | D:3      | Noticed Grinder
  1784 | D:3      | Paralysed by Grinder for 3 turns
  1798 | D:3      | Slain by Grinder

Illustrated notes

Levels and vault maps discovered:
D:1:      tarquinn_simple_flora_water_b, layout_loops_ring
D:2:      layout_basic, solitary_fountain
D:3:      layout_basic, uniq_grinder, uniq_crazy_yiuf_cottage, uniq_sigmund

Skill      XL: |  1  2  3 |
---------------+----------+-----
Dodging        | 3 |  3.2
Fighting       | 4 |  4.0
Polearms       | 4 |  4.0
Stealth        | |  0.1

Action                     || total
---------------------------++-------
  Melee: Spear             ||   118
         Tailslap          ||    16
         Punch             ||     1
  Throw: Dart              ||     3
 Armour: Skin              ||    64
  Dodge: Dodged            ||    58

Table legend: (Time is in decaauts)
 A = Elapsed time spent in this place.
 B = Non-inter-level travel time spent in this place.
 C = Inter-level travel time spent in this place.
 D = Time resting spent in this place.
 E = Time spent auto-exploring this place.
 F = Levels seen in this place.
 G = Mean time per level.
                   A        B        C        D        E       F      G
               +--------+--------+--------+--------+--------+-----+--------+
         Total |   1788 |   1788 |      0 |      0 |   1365 |   3 |  596.0 |
       Dungeon |   1788 |   1788 |      0 |      0 |   1365 |   3 |  596.0 |
               +--------+--------+--------+--------+--------+-----+--------+

Top non-repeatable levels by time:
     D:1: 754 daAuts
     D:2: 733 daAuts
     D:3: 300 daAuts
